 Dungeon Crawl Stone Soup version 0.31.0-32-g396128a36d (webtiles) character file.

Game seed: 3198078828732622784

91 Logoto the Chopper (level 4, 0/41 HPs)
             Began as a Hill Orc Berserker on Apr 3, 2024.
             Was a Believer of Trog.
             Slain by an orc wizard
             ... wielding a +0 dagger of protection
              (1 damage)
             ... on level 3 of the Dungeon.
             The game lasted 00:03:46 (1449 turns).

Logoto the Chopper (Hill Orc Berserker)             Turns: 1449, Time: 00:03:48

Health: 0/41       AC:  9    Str: 21    XL:     4   Next: 57%
Magic:  4/4        EV: 11    Int:  7    God:    Trog [**....]
Gold:   149        SH:  0    Dex: 10    Spells: 3/3 levels left

rFire   . . .        a - +0 hand axe
rCold   . . .        (no shield)
rNeg    . . .        b - +0 ring mail
rPois   .            (no helmet)
rElec   .            (no cloak)
rCorr   .            (no gloves)
SInv    .            (no boots)
Will    .....        (no amulet) Stlth
                     i - +4 ring of protection
HPRegen 0.26/turn    (no ring)
MPRegen 0.09/turn

%: no passive effects
@: confused, mighty, brilliant, on berserk cooldown, attractive, slowed, very
slow
A: no striking features
a: Renounce Religion, Berserk, Trog's Hand


You were on level 3 of the Dungeon.
You worshipped Trog.
Trog was pleased with you.
You visited 1 branch of the dungeon, and saw 3 of its levels.

You collected 149 gold pieces.

Inventory:

Hand Weapons
 a - a +0 hand axe (weapon)
Armour
 b - a +0 ring mail (worn)
Jewellery
 i - a +4 ring of protection (left hand)
 n - a +5 ring of evasion
Scrolls
 c - a scroll of silence {unknown}
 e - a scroll of teleportation {unknown}
 g - 3 scrolls of blinking {unknown}
 h - a scroll of identify {unknown}
 j - a scroll of revelation {unknown}
 k - a scroll of fear {unknown}
 l - 2 scrolls of torment {unknown}
Potions
 f - a potion of attraction


   Skills:
 + Level 4.4 Fighting
 + Level 5.3 Axes
 + Level 2.9 Armour
 + Level 2.0 Dodging


You had 3 spell levels left.
You didn't know any spells.
Your spell library was empty.

Dungeon Overview and Level Annotations

Branches:
Dungeon (3/15)

Altars:


Message History

The orc hits you but does no damage.
It was a potion of attraction.
You feel attractive to monsters. Something hits you.
* * * LOW HITPOINT WARNING * * *
The kobold hits you but does no damage. The orc hits you but does no damage.
Something hits you but does no damage.
It was a potion of brilliance.
You feel clever all of a sudden. The kobold closely misses you.
The orc hits you but does no damage. Something hits you but does no damage.
The kobold closely misses you. The orc closely misses you.
It was a potion of might.
You feel very mighty all of a sudden. Something barely misses you.
The kobold closely misses you. The orc hits you with a +0 club.
* * * LOW HITPOINT WARNING * * *
You hear some strange, mumbled words.
You are confused.
You miss the kobold. You hit the orc.
You kill the orc!
Trog accepts your kill.
You miss something. The kobold barely misses you.
You hear some strange, mumbled words.
Something tries to affect you, but you resist.
The kobold hits you but does no damage. Something hits you but does no damage.
You hit something. You completely miss the kobold.
The kobold hits you with a +0 short sword.
* * * LOW HITPOINT WARNING * * *
You hear some strange, mumbled words.
A puff of flame appears from out of thin air!
The puff of flame hits you.
* * * LOW HITPOINT WARNING * * *
The kobold attacks as it pursues you!
The kobold hits you with a +0 short sword.
* * * LOW HITPOINT WARNING * * *
Something hits you.
* * * LOW HITPOINT WARNING * * *
The kobold closely misses you. Something hits you.
You die...

.......# )......# .#
.......# .#
###...###+#######.# #
###.#.............#.#
..(.............^....
###.##...........##.#
#.##.........K.#
...#.........{@# .#
#........)..# ..
...###+######## #..
#.. ..


You could see a kobold.

Vanquished Creatures
  Jessica (D:2)
  2 adders (D:2)
  A dart slug (D:1)
  A ribbon worm (D:2)
  3 orcs (D:3)
  2 ball pythons (D:1)
  6 endoplasms
  3 goblins
  2 hobgoblins
  4 kobolds
  A quokka (D:1)
  6 bats
  4 frilled lizards
  3 rats
39 creatures vanquished.

Notes
Turn   | Place    | Note
-------+----------+-------------------------------------------
     0 | D:1      | Logoto the Hill Orc Berserker began the quest for the Orb.
     0 | D:1      | Reached XP level 1. HP: 19/19 MP: 1/1
   102 | D:1      | Reached XP level 2. HP: 27/27 MP: 2/2
   764 | D:2      | Reached XP level 3. HP: 33/33 MP: 3/3
  1001 | D:2      | Noticed Jessica
  1018 | D:2      | Reached skill level 5 in Axes
  1021 | D:2      | Killed Jessica
  1021 | D:2      | Reached ** piety under Trog
  1022 | D:2      | Reached XP level 4. HP: 41/41 MP: 4/4
  1449 | D:3      | HP: 1/41 [something (2)]
  1449 | D:3      | Slain by an orc wizard

Illustrated notes

Levels and vault maps discovered:
D:1:      psy_arrival_fountain, layout_loops_cross, minivault_27
D:2:      layout_basic, uniq_jessica
D:3:      layout_basic

Skill      XL: |  1  2  3 |
---------------+----------+-----
Fighting       | 4 |  4.4
Axes           | 5 |  5.3
Dodging        | 2 |  2.0
Armour         | |  2.9

Action                     |  1- 3 |  4- 6 || total
---------------------------+-------+-------++-------
  Melee: Hand axe          |    79 |    35 ||   114
         Punch             |     1 |       ||     1
 Invoke: Berserk           |     4 |     1 ||     5
    Use: Potion            |       |     3 ||     3
 Armour: Animal skin       |     6 |       ||     6
         Ring mail         |    41 |    50 ||    91
  Dodge: Dodged            |    51 |    25 ||    76
